Map: [ESL] Gresvan

Players

Maru - Winner!

  • Race: Terran Terran
  • Spawn Location: 11:00

Lambo

  • Race: Zerg Zerg
  • Spawn Location: 5:00

Event: IEM Katowice 2023

VOD

Have the link to the VOD?

Description

Time

  • Played on: Feb. 11, 2023, 8:18 a.m.
  • Length: 9:37

All games in this series

Show
View Real Time Build Order
Export as new Build Order

Maru Terran - Winner!

Build Orders:  

Get SALT Encoding   

  12  0:00  SCV  
  13  0:12  SCV  
  14  0:17  Supply Depot  
  14  0:24  SCV  
  15  0:39  Barracks, SCV  
  16  0:43  Refinery  
  16  0:51  SCV  
  17  0:59  Barracks  
  17  1:03  SCV  
  18  1:15  SCV  
  19  1:27  Orbital Command  
  19  1:29  Reaper  
  19  1:30  Supply Depot  
  20  1:46  Reaper  
  21  1:53  SCV  
  22  2:05  SCV, Reaper  
  24  2:10  Command Center  
  24  2:17  SCV  
  24  2:19  Refinery  
  25  2:29  SCV  
  26  2:42  SCV  
  26  2:44  Factory  
  27  2:46  Marine x2  
  27  2:49  Supply Depot  
  29  2:54  SCV  
  30  3:06  SCV  
  30  3:17  Command Center  
  30  3:18  SCV  
  31  3:21  Barracks Reactor  
  31  3:23  Orbital Command  
  31  3:30  SCV  
  31  3:31  Starport  
  32  3:35  Factory Tech Lab  
  32  3:39  Barracks Tech Lab  
  32  3:42  SCV  
  33  3:49  SCV  
  33  3:54  SCV  
  35  3:59  Marine x3  
  35  4:01  SCV  
  39  4:10  Stimpack  
  39  4:11  SCV  
  39  4:15  Cloaking Field, Banshee  
  42  4:19  Marine x2  
  42  4:20  Marine  
  42  4:21  SCV  
  42  4:23  SCV  
  46  4:25  Factory Reactor  
  46  4:27  Supply Depot  
  46  4:29  Refinery  
  46  4:30  Orbital Command  
  46  4:36  SCV  
  46  4:37  Marine x2, SCV  
  50  4:39  Marine  
  51  4:48  SCV  
  51  4:49  SCV  
  51  4:51  Engineering Bay x2  
  53  4:58  Banshee, SCV  
  57  5:00  SCV  
  57  5:03  Marine x3  
  57  5:07  SCV  
  62  5:16  Barracks  
  62  5:17  Barracks  
  62  5:18  Orbital Command  
  62  5:20  Barracks  
  63  5:21  SCV x2  
  63  5:27  Terran Infantry Armor Level 1, Terran Infantry Weapons Level 1  
  64  5:30  Supply Depot  
  64  5:33  SCV x2  
  66  5:37  Marine x2  
  68  5:45  SCV x2  
  68  5:49  SCV  
  71  5:53  Siege Tank, Medivac x2  
  71  5:56  Supply Depot  
  78  5:57  SCV x2  
  78  5:58  Supply Depot  
  78  6:01  SCV  
  81  6:04  Combat Shield  
  81  6:07  Refinery  
  81  6:09  Marine x2, SCV  
  81  6:12  Marine  
  81  6:18  SCV x2  
  87  6:21  Supply Depot  
  87  6:22  Barracks Reactor x2  
  87  6:23  SCV, Barracks Reactor  
  85  6:30  SCV x2  
  87  6:33  Marine x2  
  87  6:34  Marine  
  87  6:36  SCV  
  87  6:38  Supply Depot  
  87  6:39  Siege Tank, Supply Depot  
  94  6:42  SCV x2  
  96  6:48  SCV  
  96  6:51  Marine x3  
  97  6:54  SCV  
  97  6:58  Barracks x2  
  97  6:59  Barracks  
  98  7:01  Armory  
  98  7:02  Medivac  
  98  7:04  Marine x2  
  102  7:09  Marine x3  
  102  7:10  SCV  
  102  7:12  Marine  
  102  7:13  Marine x3  
  102  7:15  Siege Tank  
  113  7:21  SCV, Supply Depot  
  113  7:22  Marine x2  
  116  7:27  Marine x3  
  119  7:30  Marine  
  119  7:32  Medivac  
  119  7:34  Marine x3  
  125  7:38  Supply Depot  
  125  7:40  Supply Depot x3  
  125  7:47  Marine x8  
  125  7:48  Marine  
  125  7:49  Supply Depot  
  130  7:59  Marine  
  130  8:01  Marine  
  130  8:02  Supply Depot  
  132  8:07  Siege Tank  
  132  8:08  Marine  
  132  8:09  Marine x5  
  132  8:11  Marine  
  142  8:16  Marine  
  142  8:18  Medivac x2  
  142  8:19  Marine  
  148  8:20  Marine x2  
  148  8:21  Marine  
  148  8:26  Marine  
  152  8:29  Marine  
  153  8:34  Marine  
  153  8:37  Command Center  
  153  8:40  Marine x4  
  153  8:41  Marine x4  
  162  8:42  Marine  
  162  8:45  Marine  
  162  8:47  Marine  
  162  8:51  Medivac  
  162  8:52  Marine  
  164  8:58  Marine x2  
  154  9:07  Marine x9  
  137  9:10  Marine  
  137  9:16  Marine x2  
  137  9:19  Refinery  
  137  9:20  Refinery  
  136  9:24  Factory  
Show
View Real Time Build Order
Export as new Build Order

Lambo Zerg 

Build Orders: Hatch First 

Get SALT Encoding   

  12  0:00  Drone  
  13  0:12  Overlord  
  13  0:16  Drone  
  14  0:31  Drone x2  
  16  0:47  Hatchery  
  15  0:50  Drone  
  15  0:54  Drone  
  18  0:57  Drone  
  18  1:07  Extractor  
  17  1:12  Spawning Pool  
  17  1:15  Drone  
  17  1:18  Drone  
  18  1:27  Drone  
  19  1:38  Drone  
  20  1:49  Drone  
  21  1:58  Queen  
  21  1:59  Queen, Zergling x2  
  21  2:00  Zergling x2  
  27  2:10  Overlord, Drone  
  28  2:20  Hatchery  
  27  2:24  Drone  
  27  2:39  Zergling x2  
  27  2:40  Zergling x2  
  27  2:41  Queen  
  31  2:44  Overlord  
  31  2:48  Drone x2  
  33  2:57  Drone x2  
  35  2:59  Metabolic Boost  
  35  3:09  Drone x5  
  40  3:16  Queen  
  42  3:20  Overlord  
  42  3:23  Drone  
  42  3:25  Drone  
  44  3:29  Overlord  
  44  3:38  Queen  
  44  3:40  Queen  
  49  3:48  Drone  
  49  3:50  Drone x5  
  49  3:54  Overlord  
  54  3:58  Zergling x4  
  54  4:01  Evolution Chamber  
  55  4:03  Evolution Chamber  
  55  4:08  Drone x3  
  59  4:13  Drone x2  
  59  4:14  Drone  
  62  4:17  Drone  
  62  4:19  Drone x3  
  66  4:28  Overlord  
  66  4:30  Overlord  
  66  4:34  Lair  
  66  4:37  Extractor  
  66  4:38  Drone  
  66  4:45  Overlord, Queen  
  66  4:46  Queen  
  66  4:47  Drone x4  
  66  4:50  Drone  
  66  4:51  Zergling x2  
  66  4:52  Baneling Nest, Zergling x8  
  79  4:54  Zergling x4  
  79  4:56  Zergling x2  
  82  5:01  Overlord  
  82  5:03  Overlord  
  82  5:07  Spore Crawler x2  
  81  5:08  Zergling x4, Spore Crawler  
  81  5:11  Zergling x4  
  82  5:17  Zergling x2  
  82  5:18  Zergling x4  
  82  5:21  Zergling x12  
  91  5:26  Overlord  
  92  5:29  Extractor  
  92  5:33  Spore Crawler  
  92  5:35  Overseer, Spore Crawler  
  89  5:36  Centrifugal Hooks  
  89  5:39  Drone x5  
  93  5:45  Drone x2  
  93  5:48  Drone x6  
  99  5:50  Drone  
  99  5:56  Drone x2, Evolution Chamber  
  101  6:08  Zergling x6  
  104  6:13  Baneling  
  104  6:14  Baneling x6  
  104  6:16  Zergling x12  
  110  6:23  Zerg Ground Armor Level 1  
  110  6:24  Hatchery  
  110  6:25  Queen  
  111  6:28  Extractor  
  111  6:30  Zergling x8  
  112  6:37  Zergling x2  
  112  6:38  Overlord  
  112  6:39  Overlord  
  113  6:45  Evolution Chamber  
  112  6:48  Overlord  
  112  6:49  Drone  
  112  6:50  Drone x4  
  112  6:52  Zergling x4  
  107  6:58  Drone x3  
  107  6:59  Zergling x2  
  107  7:00  Zergling x4  
  113  7:02  Baneling x3  
  113  7:05  Zergling x2  
  114  7:10  Zergling x10  
  118  7:18  Baneling x2  
  118  7:21  Baneling x2  
  118  7:23  Drone x7, Zerg Melee Weapons Level 1  
  118  7:28  Baneling  
  125  7:31  Overlord  
  125  7:40  Overlord  
  125  7:43  Drone x8  
  130  7:46  Drone x2  
  130  7:47  Hatchery  
  130  7:48  Zergling x10  
  129  7:54  Hatchery, Zergling x2  
  129  7:55  Infestation Pit  
  128  8:03  Zergling x6  
  128  8:06  Zergling x2  
  128  8:12  Zergling x24  
  141  8:17  Hatchery  
  140  8:20  Zergling x6  
  140  8:21  Baneling x10  
  140  8:23  Overlord  
  142  8:29  Zergling x6  
  142  8:34  Zergling x4  
  143  8:35  Baneling x4  
  143  8:38  Overlord  
  143  8:39  Overlord  
  143  8:42  Overlord  
  143  8:43  Queen x2  
  143  8:45  Queen  
  143  8:47  Overlord  
  143  8:48  Baneling x2  
  147  8:54  Zergling x16  
  147  8:57  Overlord  
  123  9:03  Zergling x10  
  123  9:04  Zergling x4  
  123  9:06  Zergling x10  
  113  9:11  Zergling x12  
  113  9:14  Baneling x6, Zergling x2  
  113  9:16  Zergling x6  
  120  9:19  Zergling x4  

Tags
 
Add a new tag
Caveats
  • Supply blocks, unpowered buildings, or Contaminate may cause inaccurate times.
  • Supply counts are checked every 10 seconds.